 Dungeon Crawl Stone Soup version bcrawl-1.32 (webtiles) character file.

Game seed: 2492712501535855652

201495 Morbidden the Sneak (level 5, -1/45 HPs)
             Began as a Vine Stalker Archaeologist on July 1, 2021.
             Slain by a water moccasin (10 damage)
             ... on level 3 of the Dungeon.
             The game lasted 00:04:44 (1826 turns).

Morbidden the Sneak (Vine Stalker Archaeologist)    Turns: 1826, Time: 00:04:45

Health: -1/45      AC:  6    Str: 20    XL:     5   Next: 79%
Magic:  6/6        EV: 13    Int: 14    God:
Gold:   1649       SH:  0    Dex: 12    Spells: 4/4 levels left

rFire    . . .     SeeInvis .   a - +2 falchion (holy)
rCold    . . .     Gourm    .   (no shield)
rNeg     . . .     Faith    .   c - +1 robe
rPois    .         Spirit   .   d - +1 hat
rElec    .         Reflect  .   (no cloak)
rCorr    .         Harm     .   (no gloves)
MR       .....                  m - +1 pair of boots
Stlth    ..........             (no amulet)
HPRegen  0.55/turn              (no ring)
MPRegen  0.10/turn              (no ring)

@: berserking (expiring), lethally poisoned (-1 -> -2), very quick
A: fangs 2, regeneration 1, no potion heal 3, rot immunity, strong jaws
a: no special abilities


You were on level 3 of the Dungeon.
You were not hungry.

You visited 1 branch of the dungeon, and saw 3 of its levels.

You collected 1649 gold pieces.

Inventory:

Hand Weapons
 a - a +2 falchion of holy wrath (weapon)
 b - a +0 blowgun
Missiles
 f - 54 curare-tipped needles
 w - 11 needles of frenzy {=f}
 x - 11 poisoned needles
Armour
 c - a +1 robe (worn)
 d - a +1 hat (worn)
 m - a +1 pair of boots (worn)
Scrolls
 g - a scroll of magic mapping
 i - 2 scrolls of identify
 n - a scroll of fog {unknown}
 o - a scroll of fear {unknown}
 q - 3 scrolls of teleportation {unknown}
 v - a scroll of blinking {unknown}
Potions
 j - a potion of lignification {unknown}
 l - a potion of brilliance {unknown}
 p - a potion of berserk rage
 r - a potion of haste {unknown}
 s - a potion of degeneration {unknown}
 t - a potion of might {unknown}
 u - a potion of mutation {unknown}
Comestibles
 e - 5 rations {!d}
 k - 2 chunks of flesh


   Skills:
 * Level 2.1 Fighting
   Level 0.4(1.5) Short Blades
 + Level 2.4 Long Blades
   Level 0.8 Maces & Flails
 + Level 4.3 Dodging
 + Level 5.9 Stealth


You had 4 spell levels left.
You didn't know any spells.
Your spell library was empty.

Dungeon Overview and Level Annotations

Branches:
Dungeon (3/12)

Altars:
Nemelex Xobeh
Okawaru
Trog
The Shining One


Innate Abilities, Weirdness & Mutations

You have extremely sharp teeth.
Your natural rate of healing is unusually fast.
Potions cannot restore your health.
You are immune to rotting.
Your bites deal extra damage.


Message History

You feel sick. The water moccasin bites you.
* * * LOW HITPOINT WARNING * * *
You miss the water moccasin. Your bite misses the water moccasin.
The water moccasin is moderately wounded.
The water moccasin barely misses you.
You barely miss the water moccasin. Your bite misses the water moccasin.
The water moccasin is moderately wounded.
You feel sick. The water moccasin barely misses you.
You barely miss the water moccasin.
The water moccasin is moderately wounded.
The water moccasin bites you.
* * * LOW HITPOINT WARNING * * *
Unknown command.
You slash the water moccasin! Your bite misses the water moccasin.
The water moccasin is heavily wounded.
You feel sick. The water moccasin closely misses you.
You barely miss the water moccasin.
The water moccasin is heavily wounded.
The water moccasin bites you!
You die...

#..#####.#
#.....)..#..
#..#####.#..
#..#...#.#..
#..#.#.#.#.#
.>.#.#.#.#.#
##..#.#...#.#
#..#)#####.#
#..#...S@..#
#(#####.# #.#
#.# #.# #.#
#.# #.# #..
#.# ### #.#
#.# #.#


You could see a water moccasin.

Vanquished Creatures
  An ogre (D:3)
  An iguana (D:3)
  3 gnolls (D:2)
  A dart slug (D:2)
  3 leopard geckos
  5 orcs
  A giant cockroach (D:2)
  7 goblins
  5 hobgoblins
  5 jackals
  8 bats
  2 frilled lizards
  8 kobolds
  2 rats
52 creatures vanquished.

Vanquished Creatures (collateral kills)
  A worm (D:3)
  An orc (D:3)
  A giant cockroach (D:3)
3 creatures vanquished.

Grand Total: 55 creatures vanquished

Notes
Turn   | Place    | Note
-------+----------+-------------------------------------------
     0 | D:1      | Morbidden the Vine Stalker Archaeologist began the quest
                  | for the Orb.
     0 | D:1      | Reached XP level 1. HP: 11/11 MP: 2/2
   190 | D:1      | Reached XP level 2. HP: 12/16 MP: 3/3
   218 | D:1      | Reached skill level 5 in Stealth
   376 | D:1      | Reached skill level 1 in Fighting
   541 | D:1      | Reached XP level 3. HP: 20/20 MP: 4/4
   708 | D:2      | Found a sparkling altar of Nemelex Xobeh.
   725 | D:2      | Found a glowing golden altar of the Shining One.
   757 | D:2      | HP: 1/20 [orc/+2 falchion of holy wrath (6)]
   956 | D:2      | Found a bloodstained altar of Trog.
  1110 | D:2      | Found an iron altar of Okawaru.
  1285 | D:2      | Found a faded altar of an unknown god.
  1415 | D:2      | Reached XP level 4. HP: 14/25 MP: 5/5
  1443 | D:2      | Reached skill level 1 in Long Blades
  1746 | D:3      | Noticed an ogre
  1759 | D:3      | Reached XP level 5. HP: 14/30 MP: 6/6
  1759 | D:3      | Identified a scroll of acquirement
  1778 | D:3      | Identified the +3 rapier "Amoqett" {drain, +Blink Str+3
                  | Int+2 Dex-2} (You acquired it on level 3 of the Dungeon)
  1778 | D:3      | Identified the +0 helmet of the Eternal Void {Int+3} (You
                  | acquired it on level 3 of the Dungeon)
  1778 | D:3      | Identified the amulet of Yendor {Rage rF- Int+4} (You
                  | acquired it on level 3 of the Dungeon)
  1808 | D:3      | Noticed a water moccasin
  1814 | D:3      | Killed an ogre
  1826 | D:3      | Slain by a water moccasin

Skill      XL: |  1  2  3  4  5 |
---------------+----------------+-----
Stealth        | 5 |  5.9
Fighting       | 1 2 |  2.1
Dodging        | 4 |  4.3
Long Blades    | 1 2 |  2.4
Short Blades   | |  0.4
Maces & Flails | |  0.8

Action                   |  1- 3 |  4- 6 || total
-------------------------+-------+-------++-------
Melee: Dagger            |    89 |       ||    89
       Whip              |     6 |       ||     6
       Bite              |    13 |       ||    13
       Falchion          |    48 |    48 ||    96
 Fire: Blowgun           |     1 |     6 ||     7
  Use: Scroll            |     1 |     1 ||     2
       Potion            |       |     1 ||     1
 Stab: Sleeping          |     9 |     3 ||    12
       Distracted        |       |     1 ||     1
  Eat: Chunk             |     5 |     3 ||     8
Armor: Robe              |    42 |    13 ||    55
Dodge: Dodged            |    81 |    41 ||   122
